 Dungeon Crawl Stone Soup version 0.23.1-37-gaa34b87b72 (webtiles) character file.

Game seed: 12765275327155813697

136 Chiseanne the Sneak (level 4, -4/22 HPs)
             Began as a Spriggan Wanderer on Mar 20, 2019.
             Killed by divine providence
             ... invoked by an orc priest
              (12 damage)
             ... on level 5 of the Dungeon.
             The game lasted 00:13:32 (4999 turns).

Chiseanne the Sneak (Spriggan Wanderer)             Turns: 4999, Time: 00:13:32

Health: -4/22      AC:  3    Str:  7    XL:     4   Next: 98%
Magic:  8/10       EV: 18    Int: 18    God:
Gold:   227        SH:  0    Dex: 15    Spells: 2/9 levels left

rFire    . . .     SeeInvis +   s - +1 mace (crush)
rCold    . . .     Gourm    .   (shield restricted)
rNeg     . . .     Faith    .   d - +1 robe
rPois    .         Spirit   .   (helmet restricted)
rElec    .         Reflect  .   (no cloak)
rCorr    .         Harm     .   (gloves unavailable)
MR       .....                  (boots unavailable)
Stlth    +++.......             (no amulet)
HPRegen  0.07/turn              l - +3 ring of intelligence
MPRegen  0.12/turn              (no ring)

@: very quick
A: very small, unfitting armour, see invisible, herbivore, speed 3, slow
metabolism 2
a: no special abilities


You were on level 5 of the Dungeon.
You were not hungry.

You visited 1 branch of the dungeon, and saw 5 of its levels.

You collected 227 gold pieces.

Inventory:

Hand Weapons
 a - a +0 short sword
 s - a +1 mace of crushing (weapon)
Missiles
 g - 18 poisoned needles
 i - 129 stones
 k - 17 arrows
 n - 7 tomahawks (quivered)
 r - 38 sling bullets
Armour
 d - a +1 robe (worn)
Jewellery
 l - a +3 ring of intelligence (left hand)
Scrolls
 b - 3 scrolls of teleportation
 h - 2 scrolls of enchant armour
 j - 2 scrolls of remove curse
 m - 3 scrolls of enchant weapon
 p - a scroll of identify
 u - a scroll of acquirement {unknown}
Potions
 c - a potion of lignification {unknown}
 e - a potion of berserk rage {unknown}
 o - a potion of mutation {unknown}
 q - 2 potions of heal wounds
 t - 2 potions of might {unknown}
 v - a potion of haste {unknown}
Comestibles
 f - 8 rations


   Skills:
 * Level 1.0 Fighting
 - Level 1.5(2.1) Short Blades
   Level 1.5(1.8) Long Blades
 * Level 3.3 Dodging
 * Level 4.2 Stealth
 * Level 3.3 Spellcasting
 * Level 2.4 Hexes
   Level 3.0 Translocations
   Level 1.3 Evocations


You had 2 spell levels left.
You knew the following spells:

 Your Spells              Type           Power        Failure   Level  Hunger
a - Corona                Hex            ##.....      6%          1    None
b - Confuse               Hex            ##......     17%         3    ###....
c - Tukima's Dance        Hex            ##......     17%         3    ###....

Your spell library contained the following spells:

 Spells                   Type           Power        Failure   Level  Hunger
 Ensorcelled Hibernation  Hex/Ice        #.....       14%         2    ##.....
 Dazzling Spray           Conj/Hex       #.....       28%         3    ###....


Dungeon Overview and Level Annotations

Branches:
Dungeon (5/15)
 Temple: D:4-7

Altars:


Innate Abilities, Weirdness & Mutations

You are very small and have problems with some larger weapons.
You are too small for most types of armour.
You have supernaturally acute eyesight. (SInv)
You are a herbivore.
You cover ground extremely quickly.
You need to consume almost no food.


Message History

The giant cockroach is heavily wounded.
The giant cockroach misses you.
The orc wizard looks satisfied for a moment.
The giant cockroach closely misses you.
The orc priest invokes the aid of Beogh against you.
Beogh smites you!
Ouch! That really hurt!
Casting: Corona (safe; 6% risk of failure)
Confirm with . or Enter, or press ? or * to list all spells.
Aiming: Corona (safe; 6% risk of failure)
Press: ? - help, Shift-Dir - straight line, f - giant cockroach
Aim: a giant cockroach (heavily wounded, clinging, chance to defeat MR: 64%)
The giant cockroach is outlined in light.
The giant cockroach closely misses you.
You hit the giant cockroach.
You kill the giant cockroach!
The orc priest invokes the aid of Beogh against you.
Beogh smites you!
Ouch! That really hurt!
You die...

##.##h..o.#
#......#
#.#.##o#####.##
#..wwo.......
#.##o########
#. #.# #..#h#
..#h# #.#@#
#.#.# #.#...#
########.##..#
#......#.##..#
#.....<#.##.>#
#......#.###.#
#......#.###.#
#......#.....#


You could see 2 worms, an orc priest, an orc wizard (invisible), an orc and 2
jackals.

Vanquished Creatures
  A worker ant (D:5)
  2 adders
  A river rat (D:3)
  An ooze (D:2)
  3 dart slugs
  A leopard gecko (D:2)
  8 orcs (D:3)
  3 giant cockroaches
  6 goblins
  7 hobgoblins (D:1)
  2 jackals (D:5)
  3 quokkas
  A ball python (D:3)
  4 bats
  5 frilled lizards
  7 kobolds
  11 rats
66 creatures vanquished.

Notes
Turn   | Place    | Note
-------+----------+-------------------------------------------
     0 | D:1      | Chiseanne the Spriggan Wanderer began the quest for the
                  | Orb.
     0 | D:1      | Chiseanne set off with the following items: a +0 dagger, a
                  | scroll of teleportation, a wand of random effects (15), a
                  | +0 robe, a ration; and the following spell memorised:
                  | Corona; and the following spells available to memorise:
                  | Ensorcelled Hibernation, Confuse, Tukima's Dance, Dazzling
                  | Spray
     0 | D:1      | Reached XP level 1. HP: 10/10 MP: 3/3
   311 | D:1      | Reached skill level 1 in Dodging
   313 | D:1      | Reached skill level 2 in Stealth
   482 | D:1      | Reached XP level 2. HP: 14/14 MP: 5/5
  1695 | D:2      | Reached XP level 3. HP: 18/18 MP: 7/7
  1986 | D:2      | Reached skill level 3 in Stealth
  2226 | D:3      | Reached skill level 1 in Short Blades
  2865 | D:3      | Learned a level 3 spell: Confuse
  2869 | D:3      | Learned a level 3 spell: Tukima's Dance
  3405 | D:3      | Reached XP level 4. HP: 20/22 MP: 9/9
  4596 | D:4      | Noticed an ogre
  4846 | D:5      | Entered Level 5 of the Dungeon
  4864 | D:5      | Reached skill level 4 in Stealth
  4999 | D:5      | Killed from afar by an orc priest

Skill      XL: |  1  2  3  4 |
---------------+-------------+-----
Dodging        | 1 2 3 |  3.3
Stealth        | 2 3 4 |  4.2
Spellcasting   | 2 3 |  3.3
Short Blades   | 1 |  1.5
Fighting       | |  1.0
Long Blades    | |  1.5
Hexes          | |  2.4
Translocations | |  3.0
Evocations     | |  1.3

Action                   |  1- 3 |  4- 6 || total
-------------------------+-------+-------++-------
Melee: Dagger            |     5 |       ||     5
       Short sword       |   187 |    39 ||   226
       Mace              |    19 |    43 ||    62
Throw: Stone             |     6 |       ||     6
       Tomahawk          |     7 |       ||     7
 Cast: Corona            |       |     3 ||     3
Evoke: Wand              |    15 |       ||    15
  Use: Scroll            |     5 |     2 ||     7
 Stab: Paralysed         |     1 |       ||     1
       Sleeping          |     6 |     7 ||    13
  Eat: Ration            |       |     3 ||     3
Armor: Robe              |    28 |     9 ||    37
Dodge: Dodged            |   163 |    96 ||   259
